 Dungeon Crawl Stone Soup version 0.31-a0-331-geda263fcf1 (webtiles) character file.

Game seed: 10483684440047963394

2 Loug the Firebug (level 1, -3/1 HPs)
             Began as a Gargoyle Fire Elementalist on July 19, 2023.
             Slain by a hobgoblin (4 damage)
             ... on level 1 of the Dungeon.
             The game lasted 00:03:44 (156 turns).

Loug the Firebug (Gargoyle Fire Elementalist)        Turns: 156, Time: 00:03:45

Health: -3/1       AC:  2    Str: 11    XL:     1   Next: 40%
Magic:  3/3        EV:  6    Int: 15    God:
Gold:   0          SH: 10    Dex: 10    Spells: 3/4 levels left

rFire   . . .        f - +0 falchion
rCold   . . .        d - +0 tower shield
rNeg    + . .        a - melded +0 robe
rPois   ∞            (no helmet)
rElec   +            (no cloak)
rCorr   .            (no gloves)
SInv    .            (no boots)
Will    .....        (no amulet)
Stlth   ++           (no ring)
HPRegen 0.20/turn    (no ring)
MPRegen 0.08/turn

%: no passive effects
@: maw-form
A: devouring maw, reduced hp, sickness immunity, AC +2, negative energy
resistance 1, electricity resistance, torment resistance 1, petrification
resistance
a: Begin Untransformation


You were on level 1 of the Dungeon.
You were a creature with a mouth for a stomach.
You visited 1 branch of the dungeon, and saw 1 of its levels.

Inventory:

Hand Weapons
 c - a +0 club
 f - a +0 falchion (weapon)
Armour
 a - a +0 robe (melded)
 d - a +0 tower shield (worn)
Talismans
 g - a maw talisman
Scrolls
 e - a scroll of teleportation {unknown}
Potions
 b - a potion of magic


   Skills:
 + Level 1.6 Dodging
 + Level 2.1 Stealth
 + Level 2.1 Spellcasting
 + Level 1.1 Conjurations
 + Level 3.0 Fire Magic


You had 3 spell levels left.
You knew the following spells:

 Your Spells              Type           Power      Damage    Failure   Level
a - Foxfire               Conj/Fire      28%        2x1d5     98%         1

Your spell library contained the following spells:

 Spells                   Type           Power      Damage    Failure   Level
 Scorch                   Fire           20%        2d6       98%         2
 Inner Flame              Hex/Fire       6%         N/A       100%        3
 Volatile Blastmotes      Fire/Tloc      12%        2d11      100%        3
 Flame Wave               Conj/Fire      7%         2d5       100%        4


Dungeon Overview and Level Annotations

Branches:
Dungeon (1/15)

Altars:


Innate Abilities, Weirdness & Mutations

You are a creature with a mouth for a stomach.
Your midsection houses a second, enormous mouth.
Your maximum health is decreased, since you lack skill for your form.
You are immune to sickness and miasma.
Your stone body is resilient. (AC +2)
You are immune to poison.
You resist negative energy. (rN+)
You are resistant to electric shocks. (rElec)
You are resistant to unholy torment.
You are immune to petrification.


Message History

You kill the bat!
You see here a bat corpse.
A goblin comes into view. It is wielding a +0 club.
You see here a +0 falchion.
The goblin shouts!
You see here a +0 falchion.
f - a +0 falchion The goblin hits you with a +0 club.
You hit the goblin.
You kill the goblin!
Things that are here:
a +0 club; a goblin corpse
f - a +0 falchion (weapon)
Hit: f) +0 falchion
Press: ? - help, Dir - move target You swing at nothing.
You are now empty-handed.
f - a +0 falchion (weapon)
You open the door.
There is an open door here.
Things that are here:
a +0 club; a goblin corpse You open the door.
There is an open door here.
Found a maw talisman.
You see here a maw talisman.
You see here a maw talisman.
g - a maw talisman You begin transforming.
You continue transforming. x3
You turn into a creature with a mouth for a stomach.
Your +0 robe melds into your body.
HP restored.
Okay, then.
A hobgoblin comes into view.
The hobgoblin shouts!
You hear a shout!
You block the hobgoblin's attack.
You hit the hobgoblin but do no damage. You block the hobgoblin's attack.
An endoplasm comes into view.
A hobgoblin comes into view.
The hobgoblin hits you.
Ouch! That really hurt!
You die...

## .####### .##....#
.##....#########
...............#
.#.........#.#.########.#
.#.###.###.#.#...........
.........................
###..###.#.#....W.#####.
##.# #.#.######g# #.# #
#.# #.# .# #.# #.# #


.Jg # .## #### . ...# .. ...# You could see an endoplasm and 2 hobgoblins.

Vanquished Creatures
  A goblin (D:1)
  2 bats (D:1)
3 creatures vanquished.

Notes
Turn   | Place    | Note
-------+----------+-------------------------------------------
     0 | D:1      | Loug the Gargoyle Fire Elementalist began the quest for the
                  | Orb.
     0 | D:1      | Reached XP level 1. HP: 10/10 MP: 3/3
   156 | D:1      | Slain by a hobgoblin

Illustrated notes

Levels and vault maps discovered:
D:1:      minmay_arrival_cross, layout_basic, minmay_pentomino_o4

Action                     || total
---------------------------++-------
  Melee: Club              ||    10
         Falchion          ||     1
 Armour: Robe              ||     9
  Dodge: Dodged            ||     4
  Block: Tower shield      ||     9
   Form: Maw               ||     1

Table legend: (Time is in decaauts)
 A = Elapsed time spent in this place.
 B = Non-inter-level travel time spent in this place.
 C = Inter-level travel time spent in this place.
 D = Time resting spent in this place.
 E = Time spent auto-exploring this place.
 F = Levels seen in this place.
 G = Mean time per level.
                   A        B        C        D        E       F      G
               +--------+--------+--------+--------+--------+-----+--------+
         Total |    163 |     55 |    108 |      0 |      0 |   1 |  163.0 |
       Dungeon |    163 |     55 |    108 |      0 |      0 |   1 |  163.0 |
               +--------+--------+--------+--------+--------+-----+--------+

Top non-repeatable levels by time:
     D:1: 163 daAuts
